Map: Ephemeron LE

Players

DnS

  • Race: Protoss Protoss
  • Spawn Location: 11:00

Denver - Winner!

  • Race: Zerg Zerg
  • Spawn Location: 5:00

VOD

Have the link to the VOD?

Description

Time

  • Played on: Sept. 7, 2019, 2:14 p.m.
  • Length: 11:10
Show
View Real Time Build Order
Export as new Build Order

DnS Protoss 

Build Orders: 1 Gate Expand, Archon Immortal, Archon Drop, Dark Templar Rush 

Get SALT Encoding   

  12  0:00  Probe  
  13  0:12  Probe  
  14  0:19  Pylon  
  14  0:24  Probe  
  15  0:33  Probe  
  15  0:39  Gateway  
  15  0:41  Probe  
  16  0:49  Assimilator  
  17  0:52  Probe  
  18  1:04  Probe  
  19  1:16  Probe  
  20  1:26  Cybernetics Core  
  20  1:35  Nexus  
  20  1:38  Probe  
  21  1:45  Pylon  
  21  1:53  Adept, Assimilator  
  21  1:54  Probe  
  22  2:06  Probe  
  25  2:13  Adept  
  25  2:18  Twilight Council, Probe  
  28  2:30  Warp Gate, Probe  
  29  2:42  Probe  
  29  2:43  Probe  
  30  2:47  Stalker  
  33  2:53  Probe  
  33  2:54  Probe  
  35  3:04  Probe  
  36  3:06  Probe  
  36  3:11  Robotics Facility  
  37  3:14  Probe  
  37  3:18  Probe  
  39  3:22  Probe  
  40  3:29  Gateway  
  40  3:30  Probe x2  
  41  3:35  Dark Shrine  
  42  3:42  Probe  
  42  3:43  Probe  
  42  3:46  Gateway  
  42  3:48  Gateway  
  44  3:51  Warp Prism  
  44  3:53  Assimilator  
  46  4:04  Pylon  
  46  4:08  Assimilator  
  46  4:13  Pylon  
  46  4:22  Probe x2  
  48  4:34  Probe x2  
  50  4:46  Pylon, Probe x2  
  50  4:50  Dark Templar x2  
  50  4:51  Dark Templar x2  
  60  4:55  Archon x2  
  60  4:57  Observer, Nexus  
  60  4:58  Probe  
  60  4:59  Probe  
  62  5:04  Forge  
  63  5:12  Probe x2  
  65  5:16  Shield Battery  
  65  5:18  Immortal  
  69  5:27  Protoss Ground Weapons Level 1  
  69  5:33  Pylon  
  69  5:34  Pylon, Charge  
  69  5:40  Probe  
  70  5:49  Probe  
  69  5:52  Sentry  
  69  5:53  Zealot, Sentry x2  
  77  5:57  Shield Battery  
  77  6:00  Shield Battery  
  77  6:02  Shield Battery  
  79  6:19  Dark Templar  
  79  6:23  Zealot  
  71  6:32  Pylon  
  63  6:35  Gateway x2  
  63  6:38  Gateway  
  58  6:45  Dark Templar  
  54  6:51  Probe x3  
  54  6:53  Dark Templar  
  54  6:54  Zealot  
  57  7:03  Probe  
  55  7:14  Probe  
  55  7:15  Probe x2  
  54  7:17  Immortal  
  54  7:20  Pylon  
  54  7:22  Probe  
  57  7:23  Probe x2  
  58  7:30  Probe  
  58  7:32  Probe x2  
  58  7:33  Sentry x2  
  65  7:40  Probe x2  
  65  7:43  Probe  
  68  7:48  Probe x2  
  68  7:51  Sentry  
  70  7:53  Immortal  
  70  7:54  Zealot  
  70  7:55  Probe  
  75  7:59  Probe x2  
  81  8:07  Archon, Probe  
  81  8:11  Probe  
  81  8:12  Protoss Ground Weapons Level 2  
  83  8:20  Sentry  
  83  8:21  Probe  
  83  8:24  Zealot x2, Stalker  
  92  8:28  Immortal  
  92  8:29  Zealot  
  92  8:30  Probe x2  
  99  8:42  Probe  
  99  8:43  Probe x2  
  99  8:46  Stalker  
  104  8:50  Probe  
  104  8:54  Pylon  
  104  8:55  Probe x2  
  107  8:59  Dark Templar  
  107  9:02  Probe  
  109  9:03  Immortal  
  109  9:06  Zealot x2  
  106  9:12  Zealot  
  106  9:17  Zealot x2  
  95  9:28  Zealot x3  
  95  9:31  Immortal, Probe  
  100  9:37  Zealot x4  
  94  9:51  Zealot  
  88  9:53  Zealot x2  
  88  9:56  Probe x3  
  91  10:00  Zealot  
  91  10:01  Zealot  
  89  10:11  Sentry x3  
  89  10:14  Dark Templar  
  97  10:16  Probe, Zealot  
  97  10:21  Assimilator x2  
  102  10:37  Sentry x2  
  102  10:38  Zealot x3, Sentry  
  114  10:43  Pylon  
  114  10:44  Pylon  
  114  10:46  Templar Archives, Pylon  
  114  10:48  Pylon  
  98  10:58  Zealot  
  98  11:02  Zealot x2  
Show
View Real Time Build Order
Export as new Build Order

Denver Zerg - Winner!

Build Orders: Hatch First 

Get SALT Encoding   

  12  0:01  Drone  
  13  0:12  Overlord  
  13  0:17  Drone  
  14  0:31  Drone  
  14  0:32  Drone  
  16  0:38  Drone  
  17  0:53  Hatchery  
  17  0:56  Drone  
  17  0:59  Drone  
  18  1:10  Extractor  
  17  1:14  Spawning Pool  
  17  1:18  Drone  
  17  1:21  Drone  
  18  1:28  Drone  
  19  1:39  Drone  
  20  1:49  Drone  
  21  2:02  Zergling x2  
  21  2:05  Queen  
  21  2:06  Queen  
  21  2:07  Zergling x2  
  27  2:10  Metabolic Boost  
  27  2:12  Overlord  
  27  2:18  Drone  
  28  2:34  Hatchery  
  28  2:36  Drone  
  28  2:39  Drone  
  29  2:44  Zergling x2  
  29  2:46  Zergling x2  
  29  2:48  Drone  
  32  2:52  Spore Crawler  
  32  2:56  Drone x2  
  34  3:00  Overlord  
  34  3:06  Queen  
  36  3:13  Overlord  
  34  3:20  Drone x3  
  34  3:25  Drone  
  38  3:29  Overlord  
  38  3:32  Drone  
  38  3:33  Drone  
  40  3:38  Drone  
  40  3:42  Roach Warren  
  40  3:45  Drone  
  40  3:47  Drone x2  
  42  3:55  Drone x3  
  45  3:56  Extractor  
  45  4:00  Drone x2  
  46  4:05  Drone x3  
  46  4:06  Drone  
  50  4:12  Zergling x6  
  53  4:18  Overlord  
  53  4:24  Roach x2  
  56  4:26  Overlord  
  56  4:29  Overlord  
  56  4:33  Overlord  
  56  4:40  Roach x4  
  56  4:43  Overlord  
  64  4:46  Spore Crawler  
  64  4:48  Roach  
  64  4:50  Roach  
  67  4:54  Roach x2  
  67  4:57  Roach  
  67  4:58  Roach  
  75  5:04  Roach x2  
  79  5:09  Roach x2  
  79  5:14  Drone x3, Extractor  
  83  5:20  Zergling x6  
  87  5:27  Ravager  
  87  5:28  Ravager  
  89  5:30  Zergling x14  
  89  5:32  Overlord  
  96  5:36  Overlord  
  96  5:45  Overlord  
  96  5:46  Overlord  
  96  5:49  Overlord  
  93  5:56  Zergling x2  
  98  5:57  Zergling x8  
  98  6:00  Ravager x3  
  98  6:03  Zergling x6  
  94  6:21  Zergling x6  
  94  6:22  Zergling x14  
  98  6:31  Lair  
  98  6:32  Drone x6  
  103  6:38  Drone x3  
  105  6:42  Drone  
  105  6:43  Drone  
  105  6:45  Queen  
  102  6:52  Drone x5  
  93  7:02  Drone  
  93  7:03  Drone x4  
  98  7:09  Spore Crawler, Roach  
  98  7:10  Extractor, Roach x2  
  98  7:18  Roach x3  
  101  7:23  Roach x3  
  101  7:28  Roach x2  
  101  7:29  Roach  
  111  7:31  Glial Reconstitution  
  111  7:35  Hatchery  
  111  7:36  Overseer  
  110  7:39  Roach x2  
  110  7:40  Overseer  
  110  7:43  Nydus Network  
  112  7:45  Overlord, Extractor  
  112  7:47  Ravager  
  112  7:49  Drone x6  
  118  7:55  Extractor  
  117  7:59  Roach x4  
  117  8:00  Overlord  
  117  8:02  Overlord  
  125  8:08  Roach x3  
  131  8:19  Nydus Canal  
  131  8:20  Overseer, Roach x6  
  131  8:22  Overlord  
  143  8:29  Roach  
  143  8:30  Roach x3  
  151  8:36  Overlord  
  151  8:37  Ravager x3  
  151  8:38  Overlord  
  151  8:39  Overlord  
  151  8:40  Overseer  
  154  8:42  Overlord  
  154  8:49  Roach x4  
  154  8:52  Overlord  
  154  8:55  Overlord  
  162  8:58  Ravager x2  
  162  8:59  Zergling x6  
  163  9:06  Zergling x6  
  163  9:07  Zergling x4  
  152  9:12  Zergling x6  
  152  9:13  Zergling x8  
  149  9:21  Roach x4  
  147  9:27  Zergling x10  
  145  9:31  Ravager  
  145  9:36  Roach x3  
  140  9:41  Roach x2  
  140  9:45  Roach x5  
  139  9:49  Roach  
  136  9:58  Roach x3  
  131  10:01  Overseer  
  131  10:02  Roach  
  131  10:03  Roach x5  
  141  10:09  Roach x4  
  141  10:12  Ravager x4  
  141  10:13  Ravager x2  
  150  10:18  Roach x4  
  158  10:23  Roach x2  
  158  10:27  Roach  
  158  10:28  Roach x2  
  168  10:34  Zergling x6, Ravager x2  
  168  10:35  Zergling x6  
  176  10:39  Overseer  
  176  10:41  Roach  
  176  10:42  Overseer, Roach x2  
  182  10:44  Zergling x6  
Tags
 
Add a new tag
Caveats
  • Supply blocks, unpowered buildings, or Contaminate may cause inaccurate times.
  • Supply counts are checked every 10 seconds.